 Dungeon Crawl Stone Soup version 0.26-a0-540-g8a0c9464d7 (webtiles) character file.

Game seed: 12792536225753915616

263 pk666 the Magician (level 5, 0/28 HPs)
             Began as a Deep Elf Hedge Wizard on Aug 16, 2020.
             Slain by a jackal (3 damage)
             ... on level 3 of the Dungeon.
             The game lasted 00:05:42 (4021 turns).

pk666 the Magician (Deep Elf Hedge Wizard)          Turns: 4021, Time: 00:05:43

Health: 0/28       AC:  2    Str:  7    XL:     5   Next: 98%
Magic:  4/15       EV: 13    Int: 20    God:
Gold:   73         SH:  0    Dex: 14    Spells: 4/15 levels left

rFire    . . .     SeeInvis .   h - +0 dagger (venom)
rCold    . . .     Faith    .   (no shield)
rNeg     . . .     Spirit   .   b - +0 robe
rPois    .         Reflect  .   c - +0 hat
rElec    .         Harm     .   (no cloak)
rCorr    .                      (no gloves)
MR       +....                  (no boots)
Stlth    ++........             (no amulet)
HPRegen  0.09/turn              d - ring of protection from magic
MPRegen  0.14/turn              (no ring)

@: no status effects
A: no striking features
a: no special abilities


You were on level 3 of the Dungeon.
You visited 1 branch of the dungeon, and saw 3 of its levels.

You collected 73 gold pieces.

Inventory:

Hand Weapons
 h - a +0 dagger of venom (weapon)
Armour
 b - a +0 robe (worn)
 c - a +0 hat (worn)
Jewellery
 d - a ring of protection from magic (left hand)
 o - an uncursed ring of wizardry {unknown}
Scrolls
 a - a scroll of blinking {unknown}
 e - 3 scrolls of remove curse {unknown}
 j - 2 scrolls of identify {unknown}
 k - a scroll of enchant armour {unknown}
 l - a scroll of fog {unknown}
 n - 2 scrolls of teleportation {unknown}
Potions
 f - 5 potions of curing {unknown}
 g - a potion of heal wounds {unknown}
 i - a potion of invisibility {unknown}
 m - 2 potions of lignification {unknown}
 p - a potion of flight {unknown}


   Skills:
 - Level 2.4 Dodging
 - Level 2.4 Stealth
 + Level 5.7 Spellcasting
 + Level 3.3 Conjurations
 - Level 2.0 Summonings
 - Level 2.0 Translocations
 + Level 2.2 Fire Magic
 + Level 1.6 Air Magic
 - Level 2.0 Poison Magic


You had 4 spell levels left.
You knew the following spells:

 Your Spells              Type           Power        Failure   Level
a - Magic Dart            Conj           ###.         2%          1
b - Blink                 Tloc           N/A          7%          2
c - Conjure Flame         Conj/Fire      ###.....     11%         3
d - Mephitic Cloud        Conj/Pois/Air  ###.....     12%         3
e - Call Imp              Summ           ##......     7%          2

Your spell library contained the following spells:

 Spells                   Type           Power        Failure   Level
 Slow                     Hex            #.......     16%         2


Dungeon Overview and Level Annotations

Branches:
Dungeon (3/15)

Altars:


Message History

The jackal bites you but does no damage.
The jackal barely misses you. The orc barely misses you.
You closely miss the jackal.
The jackal is lightly wounded.
The jackal barely misses you.
The jackal bites you but does no damage.
The jackal bites you. x2
* * * LOW HITPOINT WARNING * * *
The orc hits you with a +0 hand axe.
* * * LOW HITPOINT WARNING * * *
Casting: Magic Dart (safe; 2% risk of failure)
Confirm with . or Enter, or press ? or * to list all spells.
You blink.
The jackal bites you.
* * * LOW HITPOINT WARNING * * *
The jackal barely misses you. The jackal bites you.
* * * LOW HITPOINT WARNING * * *
The jackal barely misses you. x2
You kill the orc!
The jackal bites you.
You die...

##.# #.# #.# .#.# #.#
#.# .#.#.#.# #.#
...#.#.# #.#
#..#.#.###.#
#..#.......#
#.##......#############
##>.)(.....o.hhh@.......
).###.....##############
..# #.....# ..# #....$#
..# #.....# ..# #.......
..# #....... ..#
#........ ..#


You could see an orc and 3 jackals.

Vanquished Creatures
  A hound (D:3)
  Natasha (thrice) (D:3)
  A worker ant zombie (D:3)
  4 gnolls
  3 adders
  An ooze (D:2)
  A worm (D:2)
  A dart slug (D:1)
  4 leopard geckos
  2 orcs (D:3)
  3 bats
  3 giant cockroaches
  6 goblins
  6 hobgoblins
  12 jackals
  4 kobolds
  2 frilled lizards
  14 rats
71 creatures vanquished.

Notes
Turn   | Place    | Note
-------+----------+-------------------------------------------
     0 | D:1      | pk666 the Deep Elf Hedge Wizard began the quest for the
                  | Orb.
     0 | D:1      | Reached XP level 1. HP: 10/10 MP: 7/7
   302 | D:1      | Reached XP level 2. HP: 15/15 MP: 7/9
   308 | D:1      | Learned a level 2 spell: Blink
   570 | D:1      | Reached skill level 5 in Spellcasting
   850 | D:1      | Reached XP level 3. HP: 19/19 MP: 9/11
   912 | D:1      | Learned a level 3 spell: Conjure Flame
   916 | D:1      | Learned a level 3 spell: Mephitic Cloud
   919 | D:1      | Learned a level 2 spell: Call Imp
  1929 | D:2      | Reached XP level 4. HP: 24/24 MP: 7/13
  2394 | D:2      | Reached skill level 1 in Fire Magic
  2449 | D:2      | Reached skill level 1 in Poison Magic
  2920 | D:3      | Reached skill level 1 in Air Magic
  2920 | D:3      | Reached XP level 5. HP: 14/28 MP: 6/14
  3688 | D:3      | Noticed Natasha
  3695 | D:3      | Killed Natasha
  3703 | D:3      | Noticed Natasha
  3708 | D:3      | Killed Natasha
  3863 | D:3      | Noticed Natasha
  3869 | D:3      | Killed Natasha
  4021 | D:3      | Slain by a jackal

Illustrated notes

Levels and vault maps discovered:
D:1:      elethiomel_arrival_diamonds, layout_basic
D:2:      layout_basic, minmay_tiny_reverse_x
D:3:      layout_basic, uniq_natasha

Skill      XL: |  1  2  3  4  5 |
---------------+----------------+-----
Conjurations   | 2 3 |  3.3
Spellcasting   | 5 |  5.7
Fire Magic     | 1 2 |  2.2
Translocations | 2 |  2.0
Poison Magic   | 1 2 |  2.0
Summonings     | 2 |  2.0
Air Magic      | 1 |  1.6
Dodging        | |  2.4
Stealth        | |  2.4

Action                   |  1- 3 |  4- 6 || total
-------------------------+-------+-------++-------
Melee: Dagger            |     4 |    10 ||    14
 Cast: Magic Dart        |   105 |   114 ||   219
       Conjure Flame     |       |     2 ||     2
       Blink             |       |     1 ||     1
Armor: Robe              |     1 |     9 ||    10
Dodge: Dodged            |    10 |    42 ||    52

Table legend: (Time is in decaauts)
 A = Elapsed time spent in this place.
 B = Non-inter-level travel time spent in this place.
 C = Inter-level travel time spent in this place.
 D = Time resting spent in this place.
 E = Time spent auto-exploring this place.
 F = Levels seen in this place.
 G = Mean time per level.
                   A        B        C        D        E       F      G
               +--------+--------+--------+--------+--------+-----+--------+
         Total |   4019 |   3925 |     94 |   1523 |   1974 |   3 | 1339.7 |
       Dungeon |   4019 |   3925 |     94 |   1523 |   1974 |   3 | 1339.7 |
               +--------+--------+--------+--------+--------+-----+--------+

Top non-repeatable levels by time:
     D:1: 1463 daAuts
     D:2: 1448 daAuts
     D:3: 1107 daAuts
